 Dungeon Crawl Stone Soup version 0.30.0-19-g36f170ea60 (webtiles) character file.

Game seed: 10450539557131189747

2 Graphine the Grave Robber (level 1, 0/14 HPs)
             Began as a Ghoul Necromancer on May 31, 2023.
             Slain by a hobgoblin (2 damage)
             ... on level 1 of the Dungeon.
             The game lasted 00:00:36 (115 turns).

Graphine the Grave Robber (Ghoul Necromancer)        Turns: 115, Time: 00:00:37

Health: 0/14       AC:  2    Str: 11    XL:     1   Next: 40%
Magic:  0/2        EV: 12    Int: 16    God:
Gold:   13         SH:  0    Dex:  9    Spells: 2/3 levels left

rFire   . . .        (no weapon)
rCold   + . .        (no shield)
rNeg    + + +        a - +0 robe
rPois   ∞            (no helmet)
rElec   .            (no cloak)
rCorr   .            (no gloves)
SInv    .            (no boots)
Will    .....        (no amulet)
Stlth   ++           d - +6 ring of intelligence
HPRegen 0.00/turn    (no ring)
MPRegen 0.08/turn

%: no passive effects
@: inhibited regen
A: claws 1, cold resistance 1, negative energy resistance 3, inhibited
regeneration, torment resistance 2, devour on kill
a: no special abilities


You were on level 1 of the Dungeon.
You visited 1 branch of the dungeon, and saw 1 of its levels.

You collected 13 gold pieces.

Inventory:

Armour
 a - a +0 robe (worn)
Jewellery
 d - a +6 ring of intelligence (left claw)
Scrolls
 e - a scroll of brand weapon {unknown}
 f - a scroll of immolation {unknown}
Potions
 b - a potion of magic
 c - 2 potions of ambrosia {unknown}


   Skills:
 * Level 0.2 Fighting
 - Level 1.7 Dodging
 - Level 2.1 Stealth
 * Level 0.2 Unarmed Combat
 * Level 1.8 Spellcasting
 * Level 4.0 Necromancy


You had 2 spell levels left.
You knew the following spells:

 Your Spells              Type           Power      Damage    Failure   Level
a - Necrotise             Necr           56%        1d6       4%          1

Your spell library contained the following spells:

 Spells                   Type           Power      Damage    Failure   Level
 Vampiric Draining        Necr           14%        2d7       12%         3
 Animate Dead             Necr           14%        N/A       38%         4
 Agony                    Necr           14%        N/A       75%         5


Dungeon Overview and Level Annotations

Branches:
Dungeon (1/15)

Altars:


Innate Abilities, Weirdness & Mutations

You are immune to poison.
You have sharp fingernails.
Your flesh is cold resistant. (rC+)
You are immune to negative energy. (rN+++)
You do not regenerate when monsters are visible.
You are immune to unholy pain and torment.
You thrive by killing the living.


Message History

The bat writhes in agony.
The bat hits you.
Found a fuming red potion.
The bat closely misses you. The hobgoblin misses you. The bat misses you.
You barely miss the bat.
The bat is heavily wounded.
The bat barely misses you. The hobgoblin misses you.
You closely miss the hobgoblin. The hobgoblin hits you. The bat hits you.
You scratch the bat.
You kill the bat!
You feel better. The hobgoblin hits you.
You scratch the hobgoblin.
The hobgoblin is severely wounded.
The hobgoblin hits you.
You are too injured to fight recklessly!
You are too injured to fight recklessly!
You are too injured to fight recklessly!
You are too injured to fight recklessly!
You are too injured to fight recklessly!
You are too injured to fight recklessly!
Attack: -) Claws
Press: ? - help, Dir - move target, f - hobgoblin
Aim: a hobgoblin (severely wounded, about 44% to evade your claws)
You closely miss the hobgoblin.
The hobgoblin is severely wounded.
The hobgoblin hits you.
* * * LOW HITPOINT WARNING * * *
Attack: -) Claws
Press: ? - help, Dir - move target, f/p - hobgoblin
Aim: a hobgoblin (severely wounded, about 44% to evade your claws)
You scratch the hobgoblin but do no damage.
The hobgoblin is severely wounded.
The hobgoblin closely misses you.
Unknown command.
Attack: -) Claws
Press: ? - help, Dir - move target, f/p - hobgoblin
Aim: a hobgoblin (severely wounded, about 44% to evade your claws)
You scratch the hobgoblin.
The hobgoblin is almost dead.
The hobgoblin hits you.
You die...

#.# #.#
#.# #.#
#.#
#.#######
#........
#.#######
#@#
#...g..#
#......#
#........
##...!.##.
#.....# #
###!###
#..


You could see a hobgoblin.

Vanquished Creatures
  A bat (D:1)
  A goblin (D:1)
2 creatures vanquished.

Notes
Turn   | Place    | Note
-------+----------+-------------------------------------------
     0 | D:1      | Graphine the Ghoul Necromancer began the quest for the Orb.
     0 | D:1      | Reached XP level 1. HP: 14/14 MP: 2/2
   115 | D:1      | Slain by a hobgoblin

Illustrated notes

Levels and vault maps discovered:
D:1:      psy_arrival_radial02, layout_loops_ring

Action                     || total
---------------------------++-------
  Melee: Unarmed           ||     8
   Cast: Necrotise         ||     3
  Dodge: Dodged            ||     9
